 Dungeon Crawl Stone Soup version 0.25-a0-378-gd2ca0b7745 (webtiles) character file.

Game seed: 17762297681009528750, levelgen mode: deterministic

115 PentaManta the Cudgeler (level 5, -2/32 HPs)
             Began as a Gargoyle Fighter on Jan 7, 2020.
             Was an Initiate of Okawaru.
             Slain by a gnoll
             ... wielding a +0 halberd of venom
              (6 damage)
             ... on level 3 of the Dungeon.
             The game lasted 00:05:06 (2193 turns).

PentaManta the Cudgeler (Gargoyle Fighter)          Turns: 2193, Time: 00:05:06

Health: -2/32      AC: 10    Str: 20    XL:     5   Next: 0%
Magic:  5/5        EV:  7    Int:  9    God:    Okawaru [......]
Gold:   152        SH:  9    Dex:  9    Spells: 4/4 levels left

rFire    . . .     SeeInvis +   k - +0 whip
rCold    . . .     Gourm    .   c - +0 shield
rNeg     + . .     Faith    .   b - +0 scale mail
rPois    ∞         Spirit   .   (no helmet)
rElec    +         Reflect  .   (no cloak)
rCorr    .         Harm     .   (no gloves)
MR       .....                  (no boots)
Stlth    ..........             (no amulet)
HPRegen  0.10/turn              g - ring of see invisible
MPRegen  0.09/turn              (no ring)

@: no status effects
A: negative energy resistance 1, electricity resistance, unbreathing,
petrification resistance, rot immunity, AC +4
a: Renounce Religion


You were on level 3 of the Dungeon.
You worshipped Okawaru.
Okawaru was noncommittal.
You were not hungry.

You visited 1 branch of the dungeon, and saw 3 of its levels.

You collected 152 gold pieces.

Inventory:

Hand Weapons
 a - a +1 flail
 h - a +0 morningstar
 k - a +0 whip (weapon)
Armour
 b - a +0 scale mail (worn)
 c - a +0 shield (worn)
Jewellery
 g - a ring of see invisible (left hand)
Scrolls
 e - a scroll of teleportation
 o - a scroll of amnesia
Potions
 d - 3 potions of might
 i - 3 potions of curing
 j - 3 potions of berserk rage
 l - a potion of brilliance {unknown}
 m - 3 potions of haste {unknown}
 p - a potion of lignification {unknown}
Comestibles
 f - 5 rations


   Skills:
 - Level 3.2 Fighting
 + Level 5.0 Maces & Flails
 - Level 3.2 Armour
 - Level 3.2 Shields


You had 4 spell levels left.
You didn't know any spells.
Your spell library was empty.

Dungeon Overview and Level Annotations

Branches:
Dungeon (3/15)

Altars:
Elyvilon
Hepliaklqana
Okawaru


Innate Abilities, Weirdness & Mutations

You are resistant to torment.
Your stone body is resilient. (AC +4)
You are immune to poison.
You resist negative energy. (rN+)
You are resistant to electric shocks. (rElec)
You can survive without breathing.
You are immune to petrification.
You are immune to rotting.


Message History

The gnoll barely misses you.
The gnoll hits you from afar with a +0 halberd of venom!
You barely miss the gnoll.
The gnoll is severely wounded.
The gnoll completely misses you.
You hit the gnoll.
The gnoll is almost dead.
The gnoll closely misses you. The gnoll hits you but does no damage.
You barely miss the gnoll.
The gnoll is almost dead.
The gnoll hits you from afar with a +0 halberd of venom!
* * * LOW HITPOINT WARNING * * *
The gnoll completely misses you.
You whack the gnoll!
You kill the gnoll!
Okawaru accepts your kill.
Your Maces & Flails skill increases to level 5!
You have reached level 5!
The gnoll hits you from afar with a +0 halberd of venom.
You die...

####..[.# #..#
####.##.## ##..#
..##...<.## ##.#.#
#.........###.##.#
..##.#####....##.#
.....# #.##.##.#
###### #.##.##.#
## #.##.##.# .#
###.##.##@# .#
#..>##.##)# ##
########.g. .#.##
.##?# .. ..# ..
..# .. #.# ##
######


You could see a gnoll.

Vanquished Creatures
  3 gnolls (D:3)
  3 adders
  3 worms
  An adder skeleton (D:3)
  A dart slug (D:3)
  A leopard gecko (D:3)
  3 orcs (D:3)
  5 bats
  A giant cockroach (D:1)
  3 goblins
  8 hobgoblins
  2 jackals (D:2)
  3 kobolds
  4 frilled lizards
  3 rats
44 creatures vanquished.

Notes
Turn   | Place    | Note
-------+----------+-------------------------------------------
     0 | D:1      | PentaManta the Gargoyle Fighter began the quest for the
                  | Orb.
     0 | D:1      | Reached XP level 1. HP: 14/14 MP: 1/1
   121 | D:1      | Reached XP level 2. HP: 19/19 MP: 2/2
   335 | D:1      | Reached skill level 3 in Maces & Flails
   729 | D:2      | Found a hazy altar of Hepliaklqana.
   896 | D:2      | Reached XP level 3. HP: 20/23 MP: 3/3
  1292 | D:2      | Found an iron altar of Okawaru.
  1292 | D:2      | Found a white marble altar of Elyvilon.
  1302 | D:2      | Became a worshipper of Warmaster Okawaru
  1729 | D:3      | Reached skill level 4 in Maces & Flails
  1756 | D:3      | Reached XP level 4. HP: 26/28 MP: 4/4
  2193 | D:3      | Reached skill level 5 in Maces & Flails
  2193 | D:3      | Reached XP level 5. HP: 4/32 MP: 5/5
  2193 | D:3      | Slain by a gnoll

Levels and vault maps discovered:
D:1:      saegor_arrival_simple_a, layout_loops_cross
D:2:      layout_loops_corners, gammafunk_temple_overflow_pools,
          lemuel_doored_altar
D:3:      layout_loops_ring, lemuel_coloured_pillars_altar

Skill      XL: |  1  2  3  4 |
---------------+-------------+-----
Maces & Flails | 3 4 5 |  5.0
Fighting       | |  3.2
Armour         | |  3.2
Shields        | |  3.2

Action                   |  1- 3 |  4- 6 || total
-------------------------+-------+-------++-------
Melee: Flail             |    38 |       ||    38
       Whip              |   136 |    72 ||   208
  Use: Scroll            |     8 |     2 ||    10
  Eat: Chunk             |     3 |     1 ||     4
Armor: Scale mail        |    70 |    24 ||    94
Dodge: Dodged            |    45 |    18 ||    63
Block: Shield            |    70 |    22 ||    92

Table legend:
 A = Non-vault XP
 B = Vault XP
 C = Vault XP percentage of total XP
 D = Non-vault monster count
 E = Vault monster count
 F = Vault count percentage of total count
                 A         B        C        D         E       F
            +---------+---------+-------+---------+---------+-------
      Total |     165 |       0 |   0.0 |      44 |       0 |   0.0
            +---------+---------+-------+---------+---------+-------
        D:1 |      26 |       0 |   0.0 |      15 |       0 |   0.0
        D:2 |      37 |       0 |   0.0 |      12 |       0 |   0.0
        D:3 |     102 |       0 |   0.0 |      17 |       0 |   0.0
            +---------+---------+-------+---------+---------+-------
